 Dungeon Crawl Stone Soup version 0.31.0-4-g52a2dc7128 (webtiles) character file.

Game seed: 3186955441218354562

37 stipulation the Ruffian (level 3, -2/31 HPs)
             Began as a Ghoul Monk on Jan 21, 2024.
             Slain by a hobgoblin (4 damage)
             ... on level 2 of the Dungeon.
             The game lasted 00:00:25 (564 turns).

stipulation the Ruffian (Ghoul Monk)                 Turns: 564, Time: 00:00:26

Health: -2/31      AC:  2    Str: 16    XL:     3   Next: 41%
Magic:  3/3        EV: 12    Int:  9    God:
Gold:   67         SH:  0    Dex: 11    Spells: 2/2 levels left

rFire   . .          .
                       - Unarmed
rCold   + . .        c - orb {light}
rNeg    + + +        a - +0 robe
rPois   ∞            (no helmet)
rElec   .            (no cloak)
rCorr   .            (no gloves)
SInv    .            (no boots)
Will    .....        (no amulet)
Stlth   +            (no ring)
HPRegen 0.00/turn    (no ring)
MPRegen 0.08/turn

%: no passive effects
@: inhibited regen, glowing
A: claws 1, cold resistance 1, negative energy resistance 3, inhibited
regeneration, torment resistance 2, devour on kill
a: no special abilities


You were on level 2 of the Dungeon.
You visited 1 branch of the dungeon, and saw 2 of its levels.

You collected 67 gold pieces.

Inventory:

Armour
 a - a +0 robe (worn)
 c - an orb of light (worn)
Scrolls
 e - 4 scrolls of brand weapon {unknown}
 j - a scroll of summoning {unknown}
Potions
 b - a potion of ambrosia
 d - a potion of attraction {unknown}
 f - 2 potions of curing {unknown}
 g - a potion of lignification {unknown}
 h - a potion of degeneration {unknown}
 i - 2 potions of invisibility {unknown}


   Skills:
 - Level 3.2 Fighting
 - Level 2.6 Dodging
 + Level 4.8 Unarmed Combat


You had 2 spell levels left.
You didn't know any spells.
Your spell library contained the following spells:

 Spells                   Type           Power      Damage    Failure   Level
 Summon Ice Beast         Ice/Summ       0%         N/A       77%         3
 Summon Mana Viper        Hex/Summ       0%         N/A       100%        5
 Monstrous Menagerie      Summ           0%         N/A       100%        7


Dungeon Overview and Level Annotations

Branches:
Dungeon (2/15)

Altars:


Innate Abilities, Weirdness & Mutations

You are immune to poison.
You have sharp fingernails.
Your flesh is cold resistant. (rC+)
You are immune to negative energy. (rN+++)
You do not regenerate when monsters are visible.
You are immune to unholy pain and torment.
You thrive by killing the living.


Message History

You kill the adder!
You feel better. The hobgoblin hits you. The ribbon worm closely misses you.
The hobgoblin barely misses you.
You scratch the hobgoblin.
You kill the hobgoblin!
You feel better. The ribbon worm closely misses you. The ribbon worm bites you.
A hobgoblin comes into view.
The hobgoblin shouts!
You completely miss the ribbon worm.
The ribbon worm expels a string of sticky webbing.
The stream of webbing hits you but does no damage.
You are caught in a web!
The web tears apart.
The ribbon worm misses you.
A frilled lizard comes into view.
The frilled lizard hisses angrily.
You scratch the ribbon worm.
The ribbon worm is lightly wounded.
The ribbon worm bites you.
* * * LOW HITPOINT WARNING * * *
You claw the ribbon worm!
The ribbon worm is heavily wounded.
You scratch the ribbon worm but do no damage.
The ribbon worm is heavily wounded.
The ribbon worm expels a string of sticky webbing.
The stream of webbing hits you but does no damage.
You are caught in a web!
You struggle to detach yourself from the web.
The ribbon worm barely misses you.
The web tears apart.
The hobgoblin hits you.
* * * LOW HITPOINT WARNING * * *
The ribbon worm misses you.
You scratch the ribbon worm.
The ribbon worm is heavily wounded.
The hobgoblin hits you.
* * * LOW HITPOINT WARNING * * *
You scratch the ribbon worm.
The ribbon worm is severely wounded.
The hobgoblin hits you.
You die...

...#.# ...#. # .$..
#. ...# .#.### ...#
...... .l$#
.....#######g..####
####........@.......
...[.......w........
#...<............
#..#######...####
.... ...# #... ...#
#.. ...# #. .... #
.....


You could see a ribbon worm, a hobgoblin and a frilled lizard.

Vanquished Creatures
  An adder (D:2)
  3 endoplasms (D:1)
  A giant cockroach (D:1)
  5 goblins (D:1)
  A hobgoblin (D:2)
  3 jackals (D:1)
  A quokka (D:1)
  3 ball pythons (D:1)
  4 kobolds (D:1)
  3 rats
25 creatures vanquished.

Notes
Turn   | Place    | Note
-------+----------+-------------------------------------------
     0 | D:1      | stipulation the Ghoul Monk began the quest for the Orb.
     0 | D:1      | Reached XP level 1. HP: 19/19 MP: 1/1
   146 | D:1      | Reached XP level 2. HP: 16/26 MP: 2/2
   150 | D:1      | Reached skill level 4 in Unarmed Combat
   388 | D:1      | Reached XP level 3. HP: 31/31 MP: 3/3
   564 | D:2      | Slain by a hobgoblin

Illustrated notes

Levels and vault maps discovered:
D:1:      psy_arrival_whirlpool, layout_rooms, minmay_misc_feat_four_crosses
D:2:      layout_loops_cross, minmay_heptomino_o4

Skill      XL: |  1  2 |
---------------+-------+-----
Unarmed Combat | 4 |  4.8
Fighting       | |  3.2
Dodging        | |  2.6

Action                     || total
---------------------------++-------
  Melee: Unarmed           ||    66
 Armour: Robe              ||    30
  Dodge: Dodged            ||    38
